 Dungeon Crawl Stone Soup version 0.28.0-45-g0d030f2227 (webtiles) character file.

Game seed: 13156450186146881987

247 protoss039 the Conjurer (level 5, -4/41 HPs)
             Began as a Demonspawn Conjurer on May 14, 2022.
             Killed by divine providence
             ... invoked by an orc priest
              (12 damage)
             ... on level 4 of the Dungeon.
             The game lasted 00:08:10 (4317 turns).

protoss039 the Conjurer (Demonspawn Conjurer)       Turns: 4317, Time: 00:08:11

Health: -4/41      AC:  5    Str:  8    XL:     5   Next: 85%
Magic:  3/9        EV:  9    Int: 21    God:
Gold:   171        SH:  0    Dex: 11    Spells: 6/10 levels left

rFire   . . .      SeeInvis .   o - +1 whip (vamp)
rCold   . . .      Faith    .   (no shield)
rNeg    . . .      Spirit   .   a - +0 robe
rPois   .          Reflect  .   (no helmet)
rElec   .          Harm     .   (no cloak)
rCorr   .          Rampage  .   h - +0 pair of gloves
Will    .....                   (no boots)
Stlth   ++........              (no amulet)
HPRegen 0.13/turn               j - ring of wizardry
MPRegen 0.11/turn               (no ring)

@: constricted
A: hooves 1, molten scales 1
a: no special abilities


You were on level 4 of the Dungeon.
You visited 1 branch of the dungeon, and saw 4 of its levels.

You collected 171 gold pieces.

Inventory:

Hand Weapons
 o - a +1 vampiric whip (weapon)
Missiles
 e - 308 stones (quivered)
Armour
 a - a +0 robe (worn)
 h - a +0 pair of gloves (worn)
Jewellery
 j - a ring of wizardry (left hand)
Scrolls
 b - a scroll of blinking {unknown}
 c - a scroll of immolation {unknown}
 f - 2 scrolls of identify {unknown}
 i - a scroll of amnesia {unknown}
 k - a scroll of holy word {unknown}
 m - a scroll of noise {unknown}
Potions
 d - 2 potions of berserk rage {unknown}
 g - a potion of curing {unknown}
 l - a potion of brilliance {unknown}
 n - 2 potions of ambrosia {unknown}


   Skills:
 * Level 3.5 Fighting
 - Level 1.7 Dodging
 - Level 1.7 Stealth
 + Level 3.1 Spellcasting
 - Level 4.1 Conjurations
 * Level 2.9 Earth Magic


You had 6 spell levels left.
You knew the following spells:

 Your Spells              Type           Power      Damage    Failure   Level
a - Magic Dart            Conj           80%        1d7       1%          1
b - Searing Ray           Conj           40%        2d5       1%          2
c - Sandblast             Erth           30%        2d9       1%          1

Your spell library contained the following spells:

 Spells                   Type           Power      Damage    Failure   Level
 Sting                    Tmut/Pois      12%        1d3       5%          1
 Dazzling Flash           Conj/Hex       22%        N/A       7%          3
 Ozocubu's Armour         Ice            3%         N/A       16%         3
 Spider Form              Tmut/Pois      3%         N/A       16%         3
 Fulminant Prism          Conj/Hex       5%         3d7       22%         4
 Iskenderun's Mystic Bla  Conj/Tloc      11%        2d4       22%         4
 Lee's Rapid Deconstruct  Erth           7%         3d8*      38%         5
 Metabolic Englaciation   Hex/Ice        1%         N/A       78%         5
 Simulacrum               Ice/Necr       1%         N/A       100%        6
 Shatter                  Erth           7%         3d10*     100%        9


Dungeon Overview and Level Annotations

Branches:
Dungeon (4/15)
 Temple: D:4-7

Altars:
Yredelemnul


Innate Abilities, Weirdness & Mutations

You have large cloven feet.
You are partially covered in molten scales. (AC +2)


Message History

Beogh smites you!
* * * LOW HITPOINT WARNING * * *
Found Ozocubu's Autobiography.
An orc comes into view. It is wielding a +0 club.
An ogre comes into view. It is wielding a +0 giant club.
The ogre shouts!
A ball python comes into view.
The ball python hisses angrily.
Casting: Magic Dart (safe; 1% risk of failure)
Confirm with . or Enter, or press ? or * to list all spells.
Aiming: Sandblast (safe; 1% risk of failure)
Press: ? - help, Shift-Dir - straight line, f - ball python
Aim: a ball python (77% to hit)
Okay, then.
The ball python closely misses you. The ball python grabs you.
The ball python constricts you. The ball python bites you.
* * * LOW HITPOINT WARNING * * *
The ball python constricts you.
You escape the ball python's grasp.
The ball python barely misses you. x2
Found a leather armour.
The ball python barely misses you. The ball python grabs you.
The ball python constricts you.
The ball python's grasp on you weakens, but your attempt to escape fails.
The ball python bites you but does no damage.
The ball python constricts you.
* * * LOW HITPOINT WARNING * * *
Casting: Sandblast (safe; 1% risk of failure)
Confirm with . or Enter, or press ? or * to list all spells.
Aiming: Sandblast (safe; 1% risk of failure)
Press: ? - help, Shift-Dir - straight line, f - ball python
Aim: a ball python (constricting you, 77% to hit)
The blast of sand misses the ball python.
The blast of sand misses the ogre.
e - 308 stones The ball python misses you.
The ball python constricts you.
* * * LOW HITPOINT WARNING * * *
The orc priest mumbles some strange prayers to Beogh against you.
Beogh smites you!
You die...

......######.###)## .
..........O..o....###.#
.####..####.##).....#
#.o# #.#.###.##.# #..#
#..## ##.##. #..# #.##
##.#. .######O.# #.#
#.o. ### .......S.#
#.## ##.## #..
######@## ##.## ##.##
#.# #.# ##.###.## #.#
#.# #....## #.# #..
#.#### #.# #### #.##.#
#.# ..# #.##.# #.# #.#
#.##.# ..# #.# #.##.#
.####.# # #.###.##.#


You could see an ogre, an orc priest and a ball python.

Vanquished Creatures
  An ogre (D:4)
  2 adders (D:2)
  5 gnolls (D:3)
  A worm (D:2)
  A dart slug (D:1)
  5 orcs
  2 endoplasms
  A giant cockroach (D:2)
  6 goblins
  2 hobgoblins (D:3)
  2 quokkas
  11 ball pythons
  3 bats
  44 kobolds
  2 rats
88 creatures vanquished.

Notes
Turn   | Place    | Note
-------+----------+-------------------------------------------
     0 | D:1      | protoss039 the Demonspawn Conjurer began the quest for the
                  | Orb.
     0 | D:1      | Reached XP level 1. HP: 13/13 MP: 3/3
   114 | D:1      | Found a faded altar of an unknown god.
   254 | D:1      | Reached skill level 1 in Fighting
   258 | D:1      | Gained mutation: You are partially covered in molten
                  | scales. (AC +2) [demonic ancestry]
   258 | D:1      | Reached XP level 2. HP: 21/21 MP: 0/5
   417 | D:1      | Got the Almanac of Ashen Transmutation
   648 | D:1      | Learned a level 1 spell: Sandblast
   651 | D:1      | Learned a level 2 spell: Searing Ray
  1316 | D:2      | Reached skill level 1 in Earth Magic
  1316 | D:2      | Reached XP level 3. HP: 26/27 MP: 0/6
  2055 | D:3      | Found a basalt altar of Yredelemnul.
  2111 | D:3      | Reached XP level 4. HP: 32/33 MP: 1/7
  3576 | D:3      | Gained mutation: You have large cloven feet. [demonic
                  | ancestry]
  3576 | D:3      | Reached XP level 5. HP: 40/40 MP: 9/9
  4268 | D:4      | Noticed an ogre
  4278 | D:4      | Killed an ogre
  4299 | D:4      | Noticed an ogre
  4317 | D:4      | Killed from afar by an orc priest

Illustrated notes

Levels and vault maps discovered:
D:1:      dpeg_arrival_more_subterranean_lakeside_camping, layout_basic,
          shapermc_ecumenical_altar_mp_highgroup
D:2:      minmay_diamond_boxcup, layout_rooms, grunt_ministairs_12
D:3:      minmay_goblin_kobold_castle, layout_basic, lemuel_crystal_altar
D:4:      layout_loops_ring

Skill      XL: |  1  2  3  4  5 |
---------------+----------------+-----
Fighting       | 1 2 3 |  3.5
Earth Magic    | 1 2 |  2.9
Spellcasting   | 3 |  3.1
Dodging        | |  1.7
Stealth        | |  1.7
Conjurations   | |  4.1

Action                   |  1- 3 |  4- 6 || total
-------------------------+-------+-------++-------
Melee: Unarmed           |     4 |       ||     4
       Whip              |     1 |    14 ||    15
       Dagger            |    74 |       ||    74
       Punch             |     1 |       ||     1
       Long sword        |    12 |    35 ||    47
       Kick              |       |     8 ||     8
 Cast: Magic Dart        |    63 |    23 ||    86
       Searing Ray       |     2 |       ||     2
       Sandblast         |       |    47 ||    47
 Stab: Sleeping          |     2 |       ||     2
Armor: Robe              |    41 |    33 ||    74
Dodge: Dodged            |   102 |    52 ||   154
